 Dungeon Crawl Stone Soup version 0.26.1-11-gd32895ea62 (webtiles) character file.

Game seed: 2423669915443369688

72 nothank2 the Unweaver (level 4, -3/37 HPs)
             Began as a Demonspawn Abyssal Knight on July 9, 2021.
             Was a Follower of Lugonu.
             Slain by a gnoll
             ... wielding a +0 halberd
              (14 damage)
             ... on level 2 of the Dungeon.
             The game lasted 00:03:20 (1386 turns).

nothank2 the Unweaver (Demonspawn Abyssal Knight)   Turns: 1386, Time: 00:03:22

Health: -3/37      AC:  6    Str: 14    XL:     4   Next: 7%
Magic:  6/6        EV: 10    Int: 13    God:    Lugonu [*.....]
Gold:   45         SH:  0    Dex: 12    Spells: 3/3 levels left

rFire    + . .     SeeInvis .   a - +1 falchion
rCold    . . .     Faith    .   (no shield)
rNeg     . . .     Spirit   .   k - +0 ring mail
rPois    .         Reflect  .   i - +0 helmet
rElec    .         Harm     .   m - scarf {shadows}
rCorr    .         Rampage  .   (no gloves)
Will     .....                  (no boots)
Stlth    +.........             (no amulet)
HPRegen  0.12/turn              g - ring of protection from fire
MPRegen  0.10/turn              (no ring)

@: no status effects
A: claws 2, powered by death 1
a: Renounce Religion, Depart the Abyss


You were on level 2 of the Dungeon.
You worshipped Lugonu.
Lugonu was aware of your devotion.
You visited 1 branch of the dungeon, and saw 2 of its levels.
You visited the Abyss 1 time.

You collected 45 gold pieces.

Inventory:

Hand Weapons
 a - a +1 falchion (weapon)
Armour
 b - a +0 leather armour
 i - a +0 helmet (worn)
 k - a +0 ring mail (worn)
 m - a scarf of shadows (worn)
Jewellery
 g - a ring of protection from fire (left claw)
Scrolls
 h - 3 scrolls of teleportation {unknown}
 j - a scroll of identify {unknown}
 l - 2 scrolls of magic mapping {unknown}
 n - a scroll of immolation {unknown}
Potions
 c - a potion of flight {unknown}
 d - a potion of heal wounds {unknown}
 e - a potion of invisibility {unknown}
 f - a potion of curing {unknown}


   Skills:
 + Level 3.7 Fighting
 + Level 2.6 Long Blades
 - Level 1.8 Armour
 - Level 0.8 Dodging
 + Level 3.9 Invocations


You had 3 spell levels left.
You didn't know any spells.
Your spell library was empty.

Dungeon Overview and Level Annotations

Branches:
Dungeon (2/15)

Altars:


Innate Abilities, Weirdness & Mutations

You have very sharp fingernails.
You regenerate a little health from kills.


Message History

The gnoll barely misses you.
You riposte.
You slash the gnoll!
The gnoll is severely wounded.
You slash the gnoll!
You kill the gnoll!
Lugonu accepts your kill. The gnoll closely misses you.
You have reached level 4!
You feel stronger.
Your demonic ancestry asserts itself...
Your fingernails sharpen.
The gnoll closely misses you.
You riposte.
You hit the gnoll.
The gnoll is lightly wounded.
The gnoll closely misses you.
You see here a +0 spear.
You hit the gnoll.
The gnoll is heavily wounded.
The gnoll hits you with a +0 spear.
* * * LOW HITPOINT WARNING * * *
The gnoll hits you but does no damage.
The gnoll hits you from afar with a +0 halberd!
You die...

#.gg....# #######.# #.# #.#
### #.# ..# #.# #.# #g# #.#
#g# ######.# #@#
#......##### #.#
###.....†....# #.# #
#............###.########.#
....######.....#..........#
###.# #.###.######.#.#.# #
#<######.# #............# #
#.##.....###...####.#.#.#
###)##.###...).#.# ##....


You could see 2 gnolls.

Vanquished Creatures
  2 adders (D:2)
  A gnoll (D:2)
  A worm (D:2)
  2 dart slugs (D:1)
  A ball python (D:1)
  3 giant cockroaches
  6 goblins
  3 hobgoblins (D:1)
  A quokka (D:2)
  6 bats
  6 kobolds
  8 rats
40 creatures vanquished.

Notes
Turn   | Place    | Note
-------+----------+-------------------------------------------
     0 | Abyss:1  | nothank2 the Demonspawn Abyssal Knight began the quest for
                  | the Orb.
     0 | Abyss:1  | Reached XP level 1. HP: 18/18 MP: 2/2
    96 | Abyss:1  | Noticed a small abomination
    97 | D:1      | Escaped the Abyss
   239 | D:1      | Gained mutation: You regenerate a little health from kills.
                  | [demonic ancestry]
   239 | D:1      | Reached XP level 2. HP: 20/24 MP: 4/4
   361 | D:1      | Reached * piety under Lugonu
   739 | D:1      | Gained mutation: You have sharp fingernails. [demonic
                  | ancestry]
   739 | D:1      | Reached XP level 3. HP: 25/29 MP: 5/5
  1385 | D:2      | Gained mutation: You have very sharp fingernails. [demonic
                  | ancestry]
  1385 | D:2      | Reached XP level 4. HP: 15/37 MP: 6/6
  1386 | D:2      | Slain by a gnoll

Illustrated notes

Levels and vault maps discovered:
D:1:      tarquinn_simple_flora_water_e, layout_loops_cross
D:2:      layout_loops_ring, nicolae_overflow_hidden_temple, uniq_jessica

Skill      XL: |  1  2 |
---------------+-------+-----
Invocations    | 3 |  3.9
Long Blades    | 2 |  2.6
Fighting       | |  3.7
Armour         | |  1.8
Dodging        | |  0.8

Action                   |  1- 3 |  4- 6 || total
-------------------------+-------+-------++-------
Melee: Falchion          |    93 |     1 ||    94
Invok: Depart the Abyss  |     1 |       ||     1
Armor: Leather armour    |    16 |       ||    16
       Ring mail         |    23 |     1 ||    24
Dodge: Dodged            |    72 |     2 ||    74
       Rpst.: Falchion   |    26 |     1 ||    27
